 Dungeon Crawl Stone Soup version 0.28-a0-1233-g92def6a (webtiles) character file.

Game seed: 15243025830768394422

312 Remcycle the Chopper (level 6, -10/47 HPs)
             Began as a Formicid Fighter on Dec 23, 2021.
             Mangled by a tentacled starspawn (14 damage)
             ... on level 2 of the Abyss.
             The game lasted 00:08:01 (2977 turns).

Remcycle the Chopper (Formicid Fighter)             Turns: 2977, Time: 00:08:04

Health: -10/47     AC:  6    Str: 18      XL:     6   Next: 70%
Magic:  0/6        EV:  9    Int:  8      God:
Gold:   123        SH:  3    Dex:  5 (6)  Spells: 5/5 levels left

rFire   . . .      SeeInvis +   a - +1 war axe (freeze)
rCold   . . .      Faith    .   c - +0 buckler
rNeg    . . .      Spirit   +   b - +0 scale mail
rPois   .          Reflect  .   (helmet unavailable)
rElec   .          Harm     .   (no cloak)
rCorr   .          Rampage  .   (no gloves)
Will    .....                   j - +1 pair of boots
Stlth   ..........              n - amulet of guardian spirit
HPRegen 0.15/turn               (no ring)
MPRegen 0.10/turn               (no ring)

@: unable to read
A: permanent stasis, dig shafts and tunnels, antennae 3, four strong arms,
[clumsy 2], [deformed body], [deterioration 2], [weak 2], [subdued magic 2],
[inability to read while threatened]
a: Dig, Shaft Self


You were on level 2 of the Abyss.
You visited 1 branch of the dungeon, and saw 4 of its levels.
You visited the Abyss 1 time.

You collected 123 gold pieces.

Inventory:

Hand Weapons
 a - a +1 war axe of freezing (weapon)
Missiles
 h - 5 atropa-tipped darts
 k - 15 poisoned darts
Armour
 b - a +0 scale mail (worn)
 c - a +0 buckler (worn)
 j - a +1 pair of boots (worn)
Jewellery
 n - an amulet of guardian spirit (around neck)
Wands
 o - a wand of flame (28)
Scrolls
 e - a scroll of enchant weapon
 l - a scroll of amnesia
 m - a scroll of teleportation
 s - a scroll of noise
Potions
 d - a potion of might
 f - a potion of magic {unknown}
 g - 2 potions of attraction
 i - a potion of lignification
 p - a potion of haste
 r - a potion of brilliance {unknown}


   Skills:
 - Level 3.2 Fighting
 + Level 6.6 Axes
 - Level 3.2 Armour
 - Level 3.6 Shields


You had 5 spell levels left.
You didn't know any spells.
Your spell library contained the following spells:

 Spells                   Type           Power      Damage    Failure   Level
 Magic Dart               Conj           0%         1d3       73%         1
 Call Imp                 Summ           0%         N/A       86%         2
 Conjure Flame            Conj/Fire      0%         6-21      98%         3
 Ignite Poison            Fire/Tmut/Pois 0%         N/A       98%         3
 Mephitic Cloud           Conj/Pois/Air  0%         N/A       98%         3
 Sticky Flame             Conj/Fire      0%         2d3       100%        4


Dungeon Overview and Level Annotations

Branches:
Dungeon (4/15)
 Temple: D:4-7

Altars:
Elyvilon

Annotations:
D:4 Eustachio


Innate Abilities, Weirdness & Mutations

You cannot be hasted, slowed, berserked, paralysed or teleported.
You can dig through walls and to a lower floor.
You have a pair of large antennae on your head. (SInv)
Your four strong arms can wield two-handed weapons with a shield.
[You are very clumsy. (Dex -4)]
[Armour fits poorly on your strangely shaped body.]
[Your body often deteriorates upon taking damage.]
[You are very weak. (Str -4)]
[Your spells are easier to cast, but less powerful.]
[You sometimes lose the ability to read scrolls when taking damage.]


Message History

Found a runed cameo amulet.
n - an amulet of guardian spirit
Okay, then.
You start putting on your amulet.
You continue putting on your amulet of guardian spirit. x5
You finish putting on your amulet of guardian spirit.
You feel your power drawn to a protective spirit.
n - an amulet of guardian spirit (around neck)
Found a scroll of fear.
Found a gateway leading deeper into the Abyss.
The dread lich gestures wildly while chanting.
The dread lich mumbles some strange words.
The dread lich flickers and vanishes for a moment.
You see here a scroll of fear.
The dread lich gestures wildly while chanting.
Found a scroll labelled PUSHRI WENI.
There is a gateway leading deeper into the Abyss here.
The tentacled starspawn bites you.
The tentacled starspawn tentacle-slaps you!
You feel threatened and lose the ability to read scrolls!
Your body deteriorates!
You feel clumsy.
You see here a scroll labelled PUSHRI WENI.
q - a scroll labelled PUSHRI WENI You can read scrolls again.
You block the tentacled starspawn's attack.
The tentacled starspawn tentacle-slaps you but does no damage.
You hit the tentacled starspawn.
The tentacled starspawn is lightly damaged.
Tentacles burst from the starspawn's body! 2 starspawn tentacles come into view.
As you read the scroll labelled PUSHRI WENI, it crumbles to dust.
It is a scroll of brand weapon.
Your +1 war axe is covered with a thin layer of ice!
a - a +1 war axe of freezing (weapon)
The tentacled starspawn bites you!!
You feel threatened and lose the ability to read scrolls!
Ouch! That really hurt!
* * * LOW HITPOINT WARNING * * *
The tentacled starspawn tentacle-slaps you!
You die...

#. # .#
###.###.##.# #..
#..#... #.#
#.##.#.
###.#...#...
####.>L.##.. ## #
#.#....#{{.## ###.
#.#w..#. #{L.2.# .
#.@X..##.##### ..#
#.#w#.##...##.#.#.
.. ##......## #. #
. ... ......#
#.##..# ..#
#..#.#.# .##.#.# .
.#...#.##. #. #
..#. #. .#... .#.
## # #...


You could see a dread lich (invisible), a tentacled starspawn and 2 starspawn
tentacles.

Vanquished Creatures
  Grinder (D:3)
  4 adders
  An adder zombie (D:3)
  An adder skeleton (D:3)
  3 worms (D:2)
  3 dart slugs
  4 orcs (D:2)
  6 bats
  2 endoplasms
  3 goblins (D:3)
  6 hobgoblins
  5 kobolds
  2 quokkas (D:2)
  6 ball pythons
  A ball python skeleton (D:3)
  2 ball python zombies (D:3)
  5 frilled lizards
  A quokka zombie (D:3)
  5 rats (D:1)
  A spectral goblin (D:3)
62 creatures vanquished.

Vanquished Creatures (others)
  8 withered plants (D:3)
8 creatures vanquished.

Grand Total: 70 creatures vanquished

Notes
Turn   | Place    | Note
-------+----------+-------------------------------------------
     0 | D:1      | Remcycle the Formicid Fighter began the quest for the Orb.
     0 | D:1      | Reached XP level 1. HP: 18/18 MP: 1/1
   168 | D:1      | Reached XP level 2. HP: 23/24 MP: 2/2
   383 | D:1      | Reached skill level 3 in Axes
   631 | D:2      | Reached XP level 3. HP: 29/29 MP: 3/3
  1114 | D:2      | You fall into a shaft and drop 1 floor!
  1114 | D:3      | Found a white marble altar of Elyvilon.
  1136 | D:3      | Reached skill level 4 in Axes
  1136 | D:3      | Reached XP level 4. HP: 18/35 MP: 4/4
  1291 | D:3      | Found a faded altar of an unknown god.
  1934 | D:3      | Reached XP level 5. HP: 41/41 MP: 5/5
  1960 | D:3      | Noticed Grinder
  1979 | D:3      | Killed Grinder
  1980 | D:3      | Reached skill level 6 in Axes
  1980 | D:3      | Reached XP level 6. HP: 23/47 MP: 6/6
  2614 | D:4      | Noticed Eustachio
  2836 | D:4      | Cast into level 1 of the Abyss (Eustachio)
  2836 | Abyss:1  | Found a corrupted altar of Lugonu.
  2910 | Abyss:1  | Noticed a wretched star
  2930 | Abyss:2  | Found a corrupted altar of Lugonu.
  2962 | Abyss:2  | Noticed a dread lich
  2965 | Abyss:2  | Noticed a lorocyproca
  2969 | Abyss:2  | Noticed a tentacled starspawn
  2977 | Abyss:2  | Mangled by a tentacled starspawn

Illustrated notes

Levels and vault maps discovered:
D:1:      dpeg_arrival_ratfight, layout_rooms
D:2:      layout_loops_ring, kennysheep_generic_room_4
D:3:      layout_basic, mainiacjoe_overflow_small_starburst,
          dreamdust_ecumenical_altar_drowned_temple, serial_undead,
          serial_undead_a, serial_undead_d, serial_undead_e, serial_undead_b,
          serial_undead_b, serial_undead_f, uniq_grinder
D:4:      layout_basic, gammafunk_ghost_split, nicolae_elevator_lobby_asterisk,
          uniq_eustachio
Abyss:2:  base: Temple, due_exit_kobolds

Skill      XL: |  1  2  3  4  5 |
---------------+----------------+-----
Axes           | 3 4 6 |  6.6
Fighting       | |  3.2
Armour         | |  3.2
Shields        | |  3.6

Action                   |  1- 3 |  4- 6 || total
-------------------------+-------+-------++-------
Melee: War axe           |    81 |   111 ||   192
  Use: Scroll            |       |    11 ||    11
       Potion            |       |     1 ||     1
Armor: Scale mail        |    40 |    51 ||    91
Dodge: Dodged            |    43 |    48 ||    91
Block: Buckler           |    22 |    24 ||    46

Table legend: (Time is in decaauts)
 A = Elapsed time spent in this place.
 B = Non-inter-level travel time spent in this place.
 C = Inter-level travel time spent in this place.
 D = Time resting spent in this place.
 E = Time spent auto-exploring this place.
 F = Levels seen in this place.
 G = Mean time per level.
                   A        B        C        D        E       F      G
               +--------+--------+--------+--------+--------+-----+--------+
         Total |   3035 |   2980 |     55 |    806 |   1568 |   6 |  505.8 |
       Dungeon |   2894 |   2839 |     55 |    774 |   1568 |   4 |  723.5 |
         Abyss |    140 |    140 |      0 |     32 |      0 |   2 |   70.0 |
               +--------+--------+--------+--------+--------+-----+--------+

Top non-repeatable levels by time:
     D:3: 1186 daAuts
     D:2: 1079 daAuts
     D:1: 601 daAuts
 Abyss:1: 92 daAuts
 Abyss:2: 47 daAuts
     D:4: 27 daAuts
